Capitals vs Canucks
Created - January 7, 2019 at 19:50
Goals
|
Capitals |
1 |
1 |
4 |
6 |
Canucks |
2 |
2 |
0 |
4 |
|
Shots
|
Capitals |
11 |
15 |
16 |
42 |
Canucks |
13 |
6 |
8 |
27 |
|
1st period
1. Capitals , Blake Wheeler 14 (Jamie Benn 9, Joe Thornton 29) at 2:59
2. Canucks , Brad Boyes 18 (Matt Stajan 32, Steve Montador 11) at 5:21
3. Canucks , Clarke MacArthur 12 (Mike Ribeiro 9, Danny DeKeiser 10) at 18:54
Penalties :
Matt Carle (Was) for Interference (Minor) at 4:48, Chris Higgins (Van) for Tripping (Minor) at 5:05
2nd period
4. Canucks , Chris Higgins 22 (Steve Montador 12, Michal Neuvirth) at 6:17
5. Capitals , Scott Hartnell 8 (Morgan Rielly 1, Mikko Koivu 15) at 19:10
6. Canucks , Brad Boyes 19 (Chris Higgins 19, Matt Stajan 33) at 19:52
Penalties :
Steve Montador (Van) for High sticking (Minor) at 7:38
3rd period
7. Capitals , Wayne Simmonds 13 (Ryan Getzlaf 15, Mike Cammalleri 11) at 10:25 (PP)
8. Capitals , Jamie Benn 7 (Joe Thornton 30, Blake Wheeler 15) at 11:49
9. Capitals , David Krejci 2 (Ondrej Palat 6) at 15:33
10. Capitals , Brent Burns 7 (Wayne Simmonds 13, Ryan Getzlaf 16) at 16:31 (PP)
Penalties :
Joe Thornton (Was) for Tripping (Minor) at 0:24, Alex Goligoski (Van) for Holding (Minor) at 9:20, Alex Goligoski (Van) for Holding (Minor) at 15:52
Goalie Stats
Ilya Bryzgalov (Was), 8 saves from 8 shots - (1.000), W, 1-1-0, 20:08 minutes
Tuukka Rask (Was), 15 saves from 19 shots - (0.789), 39:52 minutes
Michal Neuvirth (Van), 36 saves from 42 shots - (0.857), L, 13-18-1, 60:00 minutes
Players Stats for Capitals
Player Name G A P +/- PIM S H SB GA TA FO MP PP MP PK MP
------------------------------------------------------------------------------------
Blake Wheeler 1 1 2 2 0 4 6 0 0 0 3/4 19:40 1:51 0:00
Brent Burns 1 0 1 -2 0 1 3 1 1 0 0/0 28:12 2:55 1:33
Christian Ehrhoff 0 0 0 -2 0 1 3 1 0 2 0/0 28:43 2:55 1:33
Dan Girardi 0 0 0 2 0 0 0 0 0 0 0/0 14:10 0:17 0:00
David Krejci 1 0 1 0 0 4 1 0 1 0 3/4 9:51 0:00 0:55
Jamie Benn 1 1 2 2 0 3 4 1 0 0 2/2 19:08 0:17 0:10
Joe Thornton 0 2 2 1 2 4 2 2 0 1 13/29 21:06 1:51 0:17
Mark Stone 0 0 0 0 0 1 0 0 0 0 0/0 8:12 0:00 0:00
Matt Carle 0 0 0 0 2 1 0 3 0 1 0/0 18:49 1:05 0:43
Mike Cammalleri 0 1 1 -1 0 2 3 0 1 0 0/0 16:38 1:52 0:00
Mikko Koivu 0 1 1 0 0 4 2 1 1 1 4/8 12:33 0:17 0:48
Morgan Rielly 0 1 1 2 0 1 0 0 0 0 0/0 11:57 0:00 0:00
Ondrej Palat 0 1 1 0 0 2 0 0 1 0 0/0 9:56 0:00 0:46
Ryan Getzlaf 0 2 2 -1 0 1 1 0 0 0 7/13 16:54 1:52 0:16
Scott Hartnell 1 0 1 -1 0 4 0 0 1 0 0/1 14:25 1:51 1:20
T.J. Oshie 0 0 0 0 0 2 1 0 0 0 0/2 10:05 0:00 0:00
Victor Hedman 0 0 0 0 0 3 0 0 0 0 0/0 19:20 1:05 0:43
Wayne Simmonds 1 1 2 -1 0 4 4 0 0 0 1/1 16:21 1:52 0:00
Players Stats for Canucks
Player Name G A P +/- PIM S H SB GA TA FO MP PP MP PK MP
------------------------------------------------------------------------------------
Alex Goligoski 0 0 0 2 4 3 3 3 2 1 0/0 29:41 1:35 1:31
Brad Boyes 2 0 2 0 0 5 3 0 1 0 0/1 24:27 1:18 2:35
Chris Campoli 0 0 0 0 0 0 1 1 0 1 0/0 15:59 0:41 1:38
Chris Higgins 1 1 2 -1 2 4 0 0 0 1 0/2 21:43 1:17 1:11
Clarke MacArthur 1 0 1 -1 0 2 0 0 0 0 0/0 15:47 0:53 0:12
Danny DeKeiser 0 1 1 -2 0 0 0 2 0 0 0/0 23:15 1:33 0:32
Jiri Hudler 0 0 0 -1 0 5 2 0 0 0 0/0 15:24 0:55 0:00
Johan Franzen 0 0 0 1 0 0 6 0 0 0 0/0 10:00 0:03 0:00
Ladislav Smid 0 0 0 -2 0 1 0 1 1 0 0/0 17:46 0:00 2:18
Martins Karsums 0 0 0 0 0 1 1 0 0 0 0/0 7:24 0:00 0:00
Matt Stajan 0 2 2 0 0 2 3 0 0 1 26/45 24:12 1:18 2:35
Maxim Lapierre 0 0 0 1 0 0 1 0 0 0 0/2 11:15 0:05 0:13
Mike Ribeiro 0 1 1 -1 0 1 0 0 0 1 5/13 16:29 0:53 0:43
Nik Antropov 0 0 0 0 0 1 1 0 0 0 0/1 7:24 0:00 0:00
Peter Worrell 0 0 0 1 0 1 1 0 0 0 0/0 11:16 0:05 0:00
Ryan Hollweg 0 0 0 0 0 0 1 0 0 0 0/0 8:52 0:00 0:31
Seth Helgeson 0 0 0 0 0 0 1 0 0 0 0/0 4:05 0:00 0:00
Steve Montador 0 2 2 2 2 1 4 2 1 1 0/0 29:15 0:43 2:01
3 Stars
1 - Blake Wheeler (Was)
2 - Jamie Benn (Was)
3 - Brad Boyes (Van)
Power Play
Capitals - 2 on 4 Attempt(s) - 50.00%
Canucks - 0 on 2 Attempt(s) - 0.00%
Penalty Kill
Capitals - 2 on 2 Attempt(s) - 100.00%
- Score 0 goal in Penalty Kill
Canucks - 2 on 4 Attempt(s) - 50.00%
- Score 0 goal in Penalty Kill
Team Stat
Capitals - Hits : 30 - Faceoff Wins : 33 - Blocked Shots : 9 - Penalty Minutes : 4
Canucks - Hits : 28 - Faceoff Wins : 31 - Blocked Shots : 9 - Penalty Minutes : 8
Official
Referees : Unknown
Linesman : Unknown
Game Notes
Ilya Bryzgalov enters game at 19:52 of 2nd period
Finance
Level 1 -- Attendance: 5176 (86.27%) -- Ticket Income $439,960
Level 2 -- Attendance: 4531 (90.62%) -- Ticket Income $231,081
Level 3 -- Attendance: 1920 (96.00%) -- Ticket Income $61,440
Level 4 -- Attendance: 4000 (100.00%) -- Ticket Income $80,000
Luxury Box -- Attendance: 948 (94.80%) -- Ticket Income $94,800
Game was played at the Budweiser Coliseum.
Total Attendance: 16575 (92.08%)
Total Ticket Income: $907,281
Other Income: $136,092
Total Income: $1,043,373
Capitals
5 vs 5 Forward
Center Left Wing Right Wing Time % Phy DF OF
1 Joe Thornton Jamie Benn Blake Wheeler 40 1 2 2
2 Ryan Getzlaf Mike Cammalleri Wayne Simmonds 30 1 2 2
3 Mikko Koivu Scott Hartnell T.J. Oshie 20 1 2 2
4 David Krejci Ondrej Palat Mark Stone 10 1 2 2
5 vs 5 Defense
Defense Defense Time % Phy DF OF
1 Brent Burns Christian Ehrhoff 40 1 2 2
2 Victor Hedman Matt Carle 30 1 2 2
3 Dan Girardi Morgan Rielly 20 1 2 2
4 Brent Burns Christian Ehrhoff 10 1 2 2
PowerPlay Forward
Center Left Wing Right Wing Time % Phy DF OF
1 Joe Thornton Scott Hartnell Blake Wheeler 60 1 2 2
2 Ryan Getzlaf Mike Cammalleri Wayne Simmonds 40 1 2 2
PowerPlay Defense
Defense Defense Time % Phy DF OF
1 Brent Burns Christian Ehrhoff 60 1 2 2
2 Victor Hedman Matt Carle 40 1 2 2
Penalty Kill 4 Players Forward
Center Wing Time % Phy DF OF
1 Joe Thornton Scott Hartnell 60 1 2 2
2 Mike Cammalleri Ryan Getzlaf 40 1 2 2
Penalty Kill 4 Players Defense
Defense Defense Time % Phy DF OF
1 Brent Burns Christian Ehrhoff 60 1 2 2
2 Victor Hedman Matt Carle 40 1 2 2
Penalty Kill - 3 Players Forward
Forward Time % Phy DF OF
1 Joe Thornton 60 1 2 2
2 Scott Hartnell 40 1 2 2
Penalty Kill - 3 Players Defense
Defense Defense Time % Phy DF OF
1 Brent Burns Christian Ehrhoff 60 1 2 2
2 Victor Hedman Matt Carle 40 1 2 2
4 vs 4 Forward
Center Wing Time % Phy DF OF
1 Joe Thornton Scott Hartnell 60 1 2 2
2 Mike Cammalleri Ryan Getzlaf 40 1 2 2
4 vs 4 Defense
Defense Defense Time % Phy DF OF
1 Brent Burns Christian Ehrhoff 60 1 2 2
2 Victor Hedman Matt Carle 40 1 2 2
Last Minutes Offensive
Center Left Wing Right Wing Defense Defense
Joe Thornton Scott Hartnell Blake Wheeler Brent Burns Christian Ehrhoff
Last Minutes Defensive
Center Left Wing Right Wing Defense Defense
Joe Thornton Scott Hartnell Blake Wheeler Brent Burns Christian Ehrhoff
Goaltenders
Starting : Tuukka Rask
Backup : Ilya Bryzgalov
Extra Forwards
Normal : Mikko Koivu, Jamie Benn, David Krejci - PP : Mikko Koivu, Jamie Benn - PK : David Krejci
Extra Defensemen
Normal : Dan Girardi, Morgan Rielly, Victor Hedman - PP : Dan Girardi - PK : Morgan Rielly, Victor Hedman
Penalty Shots
Joe Thornton, Scott Hartnell, Mike Cammalleri, Ryan Getzlaf, Blake Wheeler
Scratches
Eric Fehr (Healthy), Patrick Marleau (Sprained Left Knee Injury), Sergei Bobrovsky (Healthy)
Canucks
5 vs 5 Forward
Center Left Wing Right Wing Time % Phy DF OF
1 Matt Stajan Chris Higgins Brad Boyes 55 0 0 5
2 Mike Ribeiro Clarke MacArthur Jiri Hudler 30 1 2 2
3 Maxim Lapierre Peter Worrell Johan Franzen 10 1 2 2
4 Nik Antropov Ryan Hollweg Martins Karsums 5 1 2 2
5 vs 5 Defense
Defense Defense Time % Phy DF OF
1 Alex Goligoski Steve Montador 65 1 2 2
2 Ladislav Smid Danny DeKeiser 20 1 2 2
3 Danny DeKeiser Chris Campoli 10 1 2 2
4 Alex Goligoski Danny DeKeiser 5 1 2 2
PowerPlay Forward
Center Left Wing Right Wing Time % Phy DF OF
1 Matt Stajan Chris Higgins Brad Boyes 70 0 0 5
2 Mike Ribeiro Clarke MacArthur Jiri Hudler 30 0 0 5
PowerPlay Defense
Defense Defense Time % Phy DF OF
1 Alex Goligoski Danny DeKeiser 70 0 0 5
2 Alex Goligoski Steve Montador 30 0 0 5
Penalty Kill 4 Players Forward
Center Wing Time % Phy DF OF
1 Matt Stajan Brad Boyes 60 1 2 2
2 Mike Ribeiro Chris Higgins 40 1 2 2
Penalty Kill 4 Players Defense
Defense Defense Time % Phy DF OF
1 Alex Goligoski Steve Montador 60 1 2 2
2 Ladislav Smid Chris Campoli 40 1 2 2
Penalty Kill - 3 Players Forward
Forward Time % Phy DF OF
1 Matt Stajan 60 1 2 2
2 Brad Boyes 40 1 2 2
Penalty Kill - 3 Players Defense
Defense Defense Time % Phy DF OF
1 Alex Goligoski Steve Montador 60 1 2 2
2 Ladislav Smid Chris Campoli 40 1 2 2
4 vs 4 Forward
Center Wing Time % Phy DF OF
1 Matt Stajan Brad Boyes 60 1 2 2
2 Mike Ribeiro Chris Higgins 40 1 2 2
4 vs 4 Defense
Defense Defense Time % Phy DF OF
1 Alex Goligoski Steve Montador 60 1 2 2
2 Ladislav Smid Chris Campoli 40 1 2 2
Last Minutes Offensive
Center Left Wing Right Wing Defense Defense
Matt Stajan Chris Higgins Brad Boyes Alex Goligoski Steve Montador
Last Minutes Defensive
Center Left Wing Right Wing Defense Defense
Matt Stajan Chris Higgins Brad Boyes Alex Goligoski Steve Montador
Goaltenders
Starting : Michal Neuvirth
Backup : Alex Stalock
Extra Forwards
Normal : Peter Worrell, Maxim Lapierre, Ryan Hollweg - PP : Peter Worrell, Maxim Lapierre - PK : Ryan Hollweg
Extra Defensemen
Normal : Danny DeKeiser, Steve Montador, Ladislav Smid - PP : Danny DeKeiser - PK : Steve Montador, Ladislav Smid
Penalty Shots
Matt Stajan, Brad Boyes, Mike Ribeiro, Chris Higgins, Clarke MacArthur
Scratches
Jamie McBain (Healthy)
% Time on Ice - Capitals
Lines # - Real PCT - Wanted PCT - Time Play
Normal Forward
1 - 37% - 40% - 19:28
2 - 27% - 30% - 14:17
3 - 19% - 20% - 10:05
4 - 16% - 10% - 8:12
Normal Defense
1 - 38% - 40% - 19:59
2 - 32% - 30% - 16:49
3 - 23% - 20% - 11:53
4 - 6% - 10% - 3:21
PP Forward
1 - 53% - 60% - 2:08
2 - 47% - 40% - 1:52
PP Defense
1 - 73% - 60% - 2:55
2 - 27% - 40% - 1:05
PK Forward
1 - 100% - 60% - 2:16
2 - 0% - 40% - 0:00
PK Defense
1 - 68% - 60% - 1:33
2 - 32% - 40% - 0:43
PK3 Forward
1 - 0% - 60%
2 - 0% - 40%
PK3 Defense
1 - 0% - 60%
2 - 0% - 40%
44 Forward
1 - 72% - 60% - 1:13
2 - 28% - 40% - 0:29
44 Defense
1 - 67% - 60% - 1:08
2 - 33% - 40% - 0:34
Last Minute Offensive - 0:00
Last Minute Defensive - 0:00
Total
Forward - 60:00
Defense - 60:00
|
% Time on Ice - Canucks
Lines # - Real PCT - Wanted PCT - Time Play
Normal Forward
1 - 39% - 55% - 20:05
2 - 28% - 30% - 14:36
3 - 19% - 10% - 9:57
4 - 14% - 5% - 7:24
Normal Defense
1 - 55% - 65% - 28:41
2 - 25% - 20% - 13:14
3 - 18% - 10% - 9:20
4 - 2% - 5% - 0:47
PP Forward
1 - 61% - 70% - 1:23
2 - 39% - 30% - 0:53
PP Defense
1 - 68% - 70% - 1:33
2 - 32% - 30% - 0:43
PK Forward
1 - 82% - 60% - 3:17
2 - 18% - 40% - 0:43
PK Defense
1 - 95% - 60% - 3:47
2 - 5% - 40% - 0:13
PK3 Forward
1 - 0% - 60%
2 - 0% - 40%
PK3 Defense
1 - 0% - 60%
2 - 0% - 40%
44 Forward
1 - 63% - 60% - 1:04
2 - 37% - 40% - 0:38
44 Defense
1 - 66% - 60% - 1:07
2 - 34% - 40% - 0:35
Last Minute Offensive - 0:00
Last Minute Defensive - 0:00
Total
Forward - 60:00
Defense - 60:00
|
Play-by-Play
1st period
0:01 of 1st period - Matt Stajan wins face-off versus Joe Thornton in neutral zone.
0:13 of 1st period - Wrist shot by Blake Wheeler.
0:13 of 1st period - Shot Misses the Net.
0:15 of 1st period - Backhand shot by Brent Burns.
0:15 of 1st period - Shot Blocked by Alex Goligoski.
0:41 of 1st period - Christian Ehrhoff is hit by Jiri Hudler and loses puck.
1:12 of 1st period - Brent Burns is hit by Johan Franzen and loses puck.
2:01 of 1st period - Wrist shot by Jiri Hudler.
2:01 of 1st period - Stopped by Tuukka Rask with a rebound.
2:33 of 1st period - Snap shot by Brad Boyes.
2:33 of 1st period - Stopped by Tuukka Rask with a rebound.
2:35 of 1st period - Slapshot by Alex Goligoski.
2:35 of 1st period - Shot Misses the Net.
2:47 of 1st period - Snap shot by Ondrej Palat.
2:47 of 1st period - Shot Misses the Net.
2:49 of 1st period - Slapshot by Morgan Rielly.
2:49 of 1st period - Shot Misses the Net.
2:53 of 1st period - Snap shot by David Krejci.
2:53 of 1st period - Stopped by Michal Neuvirth without a rebound.
2:54 of 1st period - Blake Wheeler wins face-off versus Mike Ribeiro in Canucks zone.
2:57 of 1st period - Snap shot by Jamie Benn.
2:57 of 1st period - Shot Misses the Net.
2:59 of 1st period - Snap shot by Blake Wheeler.
2:59 of 1st period - Goal by Blake Wheeler - Capitals : 1 - Canucks : 0.
3:00 of 1st period - Matt Stajan wins face-off versus Blake Wheeler in neutral zone.
3:19 of 1st period - Blake Wheeler is hit by Steve Montador and loses puck.
4:41 of 1st period - Wrist shot by Jiri Hudler.
4:41 of 1st period - Stopped by Tuukka Rask with a rebound.
4:43 of 1st period - Slapshot by Danny DeKeiser.
4:43 of 1st period - Deflect By Jiri Hudler.
4:43 of 1st period - Stopped by Tuukka Rask without a rebound.
4:44 of 1st period - Mike Ribeiro wins face-off versus Joe Thornton in Capitals zone.
4:48 of 1st period - Minor Penalty to Matt Carle for Interference.
4:49 of 1st period - Joe Thornton wins face-off versus Matt Stajan in Capitals zone.
5:05 of 1st period - Minor Penalty to Chris Higgins for Tripping.
5:06 of 1st period - Joe Thornton wins face-off versus Matt Stajan in Canucks zone.
5:09 of 1st period - Snap shot by Joe Thornton.
5:09 of 1st period - Shot Misses the Net.
5:21 of 1st period - Snap shot by Matt Stajan.
5:21 of 1st period - Deflect By Brad Boyes.
5:21 of 1st period - Goal by Brad Boyes - Capitals : 1 - Canucks : 1.
5:22 of 1st period - Matt Stajan wins face-off versus Joe Thornton in neutral zone.
5:24 of 1st period - Off-side.
5:25 of 1st period - Matt Stajan wins face-off versus Joe Thornton in neutral zone.
5:56 of 1st period - Slapshot by Mike Ribeiro.
5:56 of 1st period - Shot Misses the Net.
6:48 of 1st period - Penalty to Matt Carle is over, Matt Carle is back on ice.
7:05 of 1st period - Penalty to Chris Higgins is over, Chris Higgins is back on ice.
7:11 of 1st period - Matt Stajan is hit by Jamie Benn and loses puck.
8:08 of 1st period - Wrist shot by Jamie Benn.
8:08 of 1st period - Shot Misses the Net.
8:16 of 1st period - Slapshot by Matt Stajan.
8:16 of 1st period - Stopped by Tuukka Rask without a rebound.
8:17 of 1st period - Mike Ribeiro wins face-off versus Ryan Getzlaf in Capitals zone.
8:20 of 1st period - Wrist shot by Mike Ribeiro.
8:20 of 1st period - Stopped by Tuukka Rask with a rebound.
8:24 of 1st period - Snap shot by Clarke MacArthur.
8:24 of 1st period - Stopped by Tuukka Rask with a rebound.
8:26 of 1st period - Slapshot by Danny DeKeiser.
8:26 of 1st period - Shot Misses the Net.
8:44 of 1st period - Slapshot by Nik Antropov.
8:44 of 1st period - Stopped by Tuukka Rask without a rebound.
8:45 of 1st period - David Krejci wins face-off versus Nik Antropov in Capitals zone.
9:41 of 1st period - Joe Thornton is hit by Peter Worrell and loses puck.
10:06 of 1st period - Chris Campoli is hit by Wayne Simmonds and loses puck.
10:38 of 1st period - Blake Wheeler is hit by Martins Karsums and loses puck.
10:53 of 1st period - Dan Girardi is hit by Brad Boyes and loses puck.
11:06 of 1st period - Clarke MacArthur is hit by T.J. Oshie and loses puck.
11:19 of 1st period - Dan Girardi is hit by Johan Franzen and loses puck.
11:30 of 1st period - Matt Stajan is hit by David Krejci and loses puck.
11:43 of 1st period - Danny DeKeiser is hit by Christian Ehrhoff and loses puck.
12:12 of 1st period - Jamie Benn is hit by Johan Franzen.
12:16 of 1st period - Victor Hedman is hit by Johan Franzen and loses puck.
12:47 of 1st period - Johan Franzen is hit by Blake Wheeler and loses puck.
12:54 of 1st period - Joe Thornton is hit by Seth Helgeson.
12:58 of 1st period - Joe Thornton is hit by Steve Montador.
13:02 of 1st period - Alex Goligoski is hit by Blake Wheeler and loses puck.
13:34 of 1st period - Matt Carle is hit by Maxim Lapierre and loses puck.
13:43 of 1st period - Peter Worrell is hit by Jamie Benn.
14:09 of 1st period - Chris Campoli is hit by Blake Wheeler and loses puck.
14:22 of 1st period - Johan Franzen is hit by Joe Thornton and loses puck.
14:31 of 1st period - Wrist shot by Jamie Benn.
14:31 of 1st period - Shot Misses the Net.
14:33 of 1st period - Wrist shot by Joe Thornton.
14:33 of 1st period - Stopped by Michal Neuvirth with a rebound.
14:35 of 1st period - Slapshot by Jamie Benn.
14:35 of 1st period - Stopped by Michal Neuvirth without a rebound.
14:36 of 1st period - Matt Stajan wins face-off versus Ryan Getzlaf in Canucks zone.
14:36 of 1st period - Matt Stajan is hit by Mike Cammalleri.
14:42 of 1st period - Slapshot by Steve Montador.
14:42 of 1st period - Shot Misses the Net.
14:44 of 1st period - Slapshot by Alex Goligoski.
14:44 of 1st period - Stopped by Tuukka Rask without a rebound.
14:45 of 1st period - Ryan Getzlaf wins face-off versus Matt Stajan in Capitals zone.
14:52 of 1st period - Steve Montador is hit by Wayne Simmonds and loses puck.
15:05 of 1st period - Snap shot by Wayne Simmonds.
15:05 of 1st period - Stopped by Michal Neuvirth without a rebound.
15:06 of 1st period - Mikko Koivu wins face-off versus Mike Ribeiro in Canucks zone.
15:07 of 1st period - Snap shot by T.J. Oshie.
15:07 of 1st period - Shot Blocked by Alex Goligoski.
15:09 of 1st period - Slapshot by Victor Hedman.
15:09 of 1st period - Deflect By T.J. Oshie.
15:09 of 1st period - Stopped by Michal Neuvirth without a rebound.
15:10 of 1st period - Mike Ribeiro wins face-off versus Mikko Koivu in Canucks zone.
15:14 of 1st period - Off-side.
15:15 of 1st period - Mikko Koivu wins face-off versus Mike Ribeiro in neutral zone.
15:18 of 1st period - Slapshot by Victor Hedman.
15:18 of 1st period - Stopped by Michal Neuvirth with a rebound.
15:20 of 1st period - Slapshot by Matt Carle.
15:20 of 1st period - Deflect By Scott Hartnell.
15:20 of 1st period - Shot Misses the Net.
15:20 of 1st period - Puck is out of play.
15:21 of 1st period - Matt Stajan wins face-off versus Scott Hartnell in Canucks zone.
16:17 of 1st period - Wrist shot by Martins Karsums.
16:17 of 1st period - Stopped by Tuukka Rask with a rebound.
16:45 of 1st period - Wayne Simmonds is hit by Chris Campoli and loses puck.
17:09 of 1st period - Mikko Koivu is hit by Matt Stajan and loses puck.
17:26 of 1st period - Snap shot by Ondrej Palat.
17:26 of 1st period - Stopped by Michal Neuvirth with a rebound.
17:28 of 1st period - Wrist shot by Mark Stone.
17:28 of 1st period - Stopped by Michal Neuvirth without a rebound.
17:29 of 1st period - Matt Stajan wins face-off versus Mikko Koivu in Canucks zone.
17:42 of 1st period - Morgan Rielly is hit by Brad Boyes and loses puck.
18:15 of 1st period - Slapshot by Jiri Hudler.
18:15 of 1st period - Stopped by Tuukka Rask without a rebound.
18:16 of 1st period - David Krejci wins face-off versus Mike Ribeiro in Capitals zone.
18:46 of 1st period - Wrist shot by Jiri Hudler.
18:46 of 1st period - Shot Blocked by Brent Burns.
18:48 of 1st period - Wrist shot by Danny DeKeiser.
18:48 of 1st period - Shot Misses the Net.
18:54 of 1st period - Snap shot by Clarke MacArthur.
18:54 of 1st period - Goal by Clarke MacArthur - Capitals : 1 - Canucks : 2.
18:55 of 1st period - Ryan Getzlaf wins face-off versus Matt Stajan in neutral zone.
19:05 of 1st period - Slapshot by Mike Cammalleri.
19:05 of 1st period - Stopped by Michal Neuvirth without a rebound.
19:06 of 1st period - Jamie Benn wins face-off versus Matt Stajan in Canucks zone.
19:09 of 1st period - Slapshot by Blake Wheeler.
19:09 of 1st period - Deflect By Jamie Benn.
19:09 of 1st period - Stopped by Michal Neuvirth without a rebound.
19:10 of 1st period - Matt Stajan wins face-off versus Joe Thornton in Canucks zone.
19:10 of 1st period - Matt Stajan is hit by Joe Thornton.
19:21 of 1st period - Off-side.
19:22 of 1st period - Ryan Getzlaf wins face-off versus Matt Stajan in neutral zone.
Goals for this period are 1 for Capitals vs 2 for Canucks.
Shots for this period are 11 for Capitals vs 13 for Canucks.
2nd period
0:01 of 2nd period - Matt Stajan wins face-off versus T.J. Oshie in neutral zone.
1:37 of 2nd period - Snap shot by Peter Worrell.
1:37 of 2nd period - Shot Misses the Net.
3:08 of 2nd period - Snap shot by David Krejci.
3:08 of 2nd period - Shot Misses the Net.
3:10 of 2nd period - Snap shot by David Krejci.
3:10 of 2nd period - Stopped by Michal Neuvirth without a rebound.
3:11 of 2nd period - Joe Thornton wins face-off versus Chris Higgins in Canucks zone.
3:14 of 2nd period - Backhand shot by Joe Thornton.
3:14 of 2nd period - Shot Hit the Post.
3:22 of 2nd period - Wrist shot by Matt Stajan.
3:22 of 2nd period - Deflect By Chris Higgins.
3:22 of 2nd period - Stopped by Tuukka Rask without a rebound.
3:23 of 2nd period - Matt Stajan wins face-off versus Ryan Getzlaf in Capitals zone.
3:30 of 2nd period - Snap shot by Chris Higgins.
3:30 of 2nd period - Stopped by Tuukka Rask without a rebound.
3:31 of 2nd period - Matt Stajan wins face-off versus Ryan Getzlaf in Capitals zone.
3:44 of 2nd period - Chris Campoli is hit by Christian Ehrhoff and loses puck.
4:02 of 2nd period - Icing by Chris Campoli.
4:03 of 2nd period - Joe Thornton wins face-off versus Matt Stajan in Canucks zone.
4:04 of 2nd period - Snap shot by Blake Wheeler.
4:04 of 2nd period - Stopped by Michal Neuvirth with a rebound.
4:22 of 2nd period - Danny DeKeiser is hit by Jamie Benn and loses puck.
4:44 of 2nd period - Wrist shot by Scott Hartnell.
4:44 of 2nd period - Stopped by Michal Neuvirth without a rebound.
4:45 of 2nd period - Ryan Getzlaf wins face-off versus Mike Ribeiro in Canucks zone.
5:11 of 2nd period - Snap shot by Mikko Koivu.
5:11 of 2nd period - Stopped by Michal Neuvirth with a rebound.
5:13 of 2nd period - Slapshot by Dan Girardi.
5:13 of 2nd period - Shot Blocked by Alex Goligoski.
5:21 of 2nd period - Snap shot by Mikko Koivu.
5:21 of 2nd period - Stopped by Michal Neuvirth with a rebound.
6:17 of 2nd period - Wrist shot by Chris Higgins.
6:17 of 2nd period - Goal by Chris Higgins - Capitals : 1 - Canucks : 3.
6:18 of 2nd period - Matt Stajan wins face-off versus Joe Thornton in neutral zone.
7:14 of 2nd period - Wrist shot by Mikko Koivu.
7:14 of 2nd period - Deflect By Scott Hartnell.
7:14 of 2nd period - Stopped by Michal Neuvirth without a rebound.
7:15 of 2nd period - Matt Stajan wins face-off versus Joe Thornton in Canucks zone.
7:22 of 2nd period - Slapshot by Chris Higgins.
7:22 of 2nd period - Shot Blocked by Joe Thornton.
7:38 of 2nd period - Minor Penalty to Steve Montador for High sticking.
7:39 of 2nd period - Matt Stajan wins face-off versus Joe Thornton in Canucks zone.
7:44 of 2nd period - Alex Goligoski is hit by Blake Wheeler and loses puck.
8:44 of 2nd period - Chris Campoli is hit by Brent Burns and loses puck.
9:38 of 2nd period - Penalty to Steve Montador is over, Steve Montador is back on ice.
9:52 of 2nd period - Wrist shot by David Krejci.
9:52 of 2nd period - Shot Misses the Net.
9:54 of 2nd period - Slapshot by Dan Girardi.
9:54 of 2nd period - Shot Blocked by Chris Campoli.
9:56 of 2nd period - Slapshot by Morgan Rielly.
9:56 of 2nd period - Stopped by Michal Neuvirth without a rebound.
9:57 of 2nd period - David Krejci wins face-off versus Maxim Lapierre in Canucks zone.
10:08 of 2nd period - Wrist shot by Peter Worrell.
10:08 of 2nd period - Stopped by Tuukka Rask without a rebound.
10:09 of 2nd period - Ryan Getzlaf wins face-off versus Matt Stajan in Capitals zone.
11:00 of 2nd period - Slapshot by Mikko Koivu.
11:00 of 2nd period - Shot Misses the Net.
11:02 of 2nd period - Snap shot by T.J. Oshie.
11:02 of 2nd period - Shot Misses the Net.
11:35 of 2nd period - Snap shot by Mike Ribeiro.
11:35 of 2nd period - Shot Misses the Net.
12:13 of 2nd period - Backhand shot by Ondrej Palat.
12:13 of 2nd period - Stopped by Michal Neuvirth without a rebound.
12:14 of 2nd period - Matt Stajan wins face-off versus Joe Thornton in Canucks zone.
13:13 of 2nd period - Danny DeKeiser is hit by Brent Burns and loses puck.
13:30 of 2nd period - Danny DeKeiser is hit by Blake Wheeler and loses puck.
13:41 of 2nd period - Ryan Getzlaf is hit by Nik Antropov and loses puck.
14:01 of 2nd period - Snap shot by Brad Boyes.
14:01 of 2nd period - Shot Blocked by Mikko Koivu.
14:37 of 2nd period - Jamie Benn is hit by Ryan Hollweg and loses puck.
15:04 of 2nd period - Alex Goligoski is hit by Ryan Getzlaf.
16:09 of 2nd period - Snap shot by Mikko Koivu.
16:09 of 2nd period - Stopped by Michal Neuvirth without a rebound.
16:10 of 2nd period - Matt Stajan wins face-off versus Joe Thornton in Canucks zone.
16:45 of 2nd period - Slapshot by Joe Thornton.
16:45 of 2nd period - Stopped by Michal Neuvirth with a rebound.
16:47 of 2nd period - Slapshot by Christian Ehrhoff.
16:47 of 2nd period - Shot Blocked by Danny DeKeiser.
16:49 of 2nd period - Wrist shot by Blake Wheeler.
16:49 of 2nd period - Stopped by Michal Neuvirth without a rebound.
16:50 of 2nd period - Mike Ribeiro wins face-off versus Ryan Getzlaf in Canucks zone.
16:55 of 2nd period - Backhand shot by Mike Cammalleri.
16:55 of 2nd period - Stopped by Michal Neuvirth with a rebound.
16:57 of 2nd period - Slapshot by Victor Hedman.
16:57 of 2nd period - Stopped by Michal Neuvirth with a rebound.
17:03 of 2nd period - Wrist shot by Ryan Getzlaf.
17:03 of 2nd period - Shot Blocked by Steve Montador.
17:05 of 2nd period - Slapshot by Matt Carle.
17:05 of 2nd period - Stopped by Michal Neuvirth without a rebound.
17:06 of 2nd period - Matt Stajan wins face-off versus Mikko Koivu in Canucks zone.
18:08 of 2nd period - Brent Burns is hit by Alex Goligoski and loses puck.
18:31 of 2nd period - Snap shot by Nik Antropov.
18:31 of 2nd period - Deflect By Ryan Hollweg.
18:31 of 2nd period - Shot Misses the Net.
18:31 of 2nd period - Puck is out of play.
18:32 of 2nd period - Joe Thornton wins face-off versus Chris Higgins in Capitals zone.
18:49 of 2nd period - Wrist shot by Jamie Benn.
18:49 of 2nd period - Shot Misses the Net.
18:59 of 2nd period - Brad Boyes is hit by Mikko Koivu and loses puck.
19:06 of 2nd period - Snap shot by Mikko Koivu.
19:06 of 2nd period - Shot Misses the Net.
19:08 of 2nd period - Wrist shot by Morgan Rielly.
19:08 of 2nd period - Shot Blocked by Danny DeKeiser.
19:10 of 2nd period - Wrist shot by Scott Hartnell.
19:10 of 2nd period - Deflect By Brad Boyes.
19:10 of 2nd period - Goal by Scott Hartnell - Capitals : 2 - Canucks : 3.
19:11 of 2nd period - Joe Thornton wins face-off versus Mike Ribeiro in neutral zone.
19:18 of 2nd period - Snap shot by Jamie Benn.
19:18 of 2nd period - Shot Misses the Net.
19:44 of 2nd period - Snap shot by Jiri Hudler.
19:44 of 2nd period - Stopped by Tuukka Rask without a rebound.
19:45 of 2nd period - Matt Stajan wins face-off versus Mikko Koivu in Capitals zone.
19:52 of 2nd period - Snap shot by Brad Boyes.
19:52 of 2nd period - Deflect By Matt Carle.
19:52 of 2nd period - Goal by Brad Boyes - Capitals : 2 - Canucks : 4.
19:52 of 2nd period - Ilya Bryzgalov enters game.
19:53 of 2nd period - Joe Thornton wins face-off versus Brad Boyes in neutral zone.
19:56 of 2nd period - Wrist shot by Jamie Benn.
19:56 of 2nd period - Deflect By Blake Wheeler.
19:56 of 2nd period - Shot Blocked by Steve Montador.
19:56 of 2nd period - Puck is out of play.
19:57 of 2nd period - Joe Thornton wins face-off versus Matt Stajan in Canucks zone.
Goals for this period are 1 for Capitals vs 2 for Canucks.
Shots for this period are 15 for Capitals vs 6 for Canucks.
3rd period
0:01 of 3rd period - Matt Stajan wins face-off versus Joe Thornton in neutral zone.
0:06 of 3rd period - Snap shot by Alex Goligoski.
0:06 of 3rd period - Stopped by Ilya Bryzgalov without a rebound.
0:07 of 3rd period - Jamie Benn wins face-off versus Matt Stajan in Capitals zone.
0:16 of 3rd period - Wrist shot by Brad Boyes.
0:16 of 3rd period - Stopped by Ilya Bryzgalov without a rebound.
0:17 of 3rd period - Matt Stajan wins face-off versus Joe Thornton in Capitals zone.
0:22 of 3rd period - Slapshot by Chris Higgins.
0:22 of 3rd period - Deflect By Matt Stajan.
0:22 of 3rd period - Stopped by Ilya Bryzgalov with a rebound.
0:24 of 3rd period - Minor Penalty to Joe Thornton for Tripping.
0:25 of 3rd period - Matt Stajan wins face-off versus David Krejci in Capitals zone.
0:28 of 3rd period - Snap shot by Chris Higgins.
0:28 of 3rd period - Shot Misses the Net.
0:36 of 3rd period - Slapshot by Brad Boyes.
0:36 of 3rd period - Shot Misses the Net.
0:38 of 3rd period - Slapshot by Danny DeKeiser.
0:38 of 3rd period - Shot Hit the Post.
0:40 of 3rd period - Slapshot by Alex Goligoski.
0:40 of 3rd period - Shot Misses the Net.
0:50 of 3rd period - Brent Burns is hit by Jiri Hudler and loses puck.
1:03 of 3rd period - Victor Hedman is hit by Alex Goligoski and loses puck.
1:28 of 3rd period - Mikko Koivu is hit by Brad Boyes and loses puck.
2:24 of 3rd period - Penalty to Joe Thornton is over, Joe Thornton is back on ice.
2:25 of 3rd period - Matt Carle is hit by Steve Montador and loses puck.
2:40 of 3rd period - Ladislav Smid is hit by Mike Cammalleri and loses puck.
3:47 of 3rd period - Chris Campoli is hit by Wayne Simmonds and loses puck.
5:20 of 3rd period - Snap shot by Ryan Hollweg.
5:20 of 3rd period - Shot Misses the Net.
5:56 of 3rd period - Ondrej Palat is hit by Johan Franzen and loses puck.
6:37 of 3rd period - Matt Stajan is hit by Mikko Koivu and loses puck.
6:50 of 3rd period - Danny DeKeiser is hit by Wayne Simmonds and loses puck.
7:07 of 3rd period - Johan Franzen is hit by Brent Burns.
7:13 of 3rd period - Snap shot by David Krejci.
7:13 of 3rd period - Stopped by Michal Neuvirth with a rebound.
7:21 of 3rd period - Ondrej Palat is hit by Johan Franzen and loses puck.
7:36 of 3rd period - Snap shot by Mike Ribeiro.
7:36 of 3rd period - Deflect By Clarke MacArthur.
7:36 of 3rd period - Shot Misses the Net.
7:36 of 3rd period - Puck is out of play.
7:37 of 3rd period - Joe Thornton wins face-off versus Matt Stajan in Capitals zone.
7:37 of 3rd period - Joe Thornton is hit by Steve Montador.
7:55 of 3rd period - Snap shot by Joe Thornton.
7:55 of 3rd period - Stopped by Michal Neuvirth without a rebound.
7:56 of 3rd period - Ryan Getzlaf wins face-off versus Mike Ribeiro in Canucks zone.
7:59 of 3rd period - Snap shot by Ryan Getzlaf.
7:59 of 3rd period - Stopped by Michal Neuvirth with a rebound.
8:34 of 3rd period - Wrist shot by Brad Boyes.
8:34 of 3rd period - Shot Blocked by Matt Carle.
8:36 of 3rd period - Wrist shot by Steve Montador.
8:36 of 3rd period - Shot Blocked by Matt Carle.
8:43 of 3rd period - Icing by Matt Carle.
8:44 of 3rd period - Joe Thornton wins face-off versus Maxim Lapierre in Capitals zone.
9:15 of 3rd period - Snap shot by T.J. Oshie.
9:15 of 3rd period - Stopped by Michal Neuvirth without a rebound.
9:16 of 3rd period - Joe Thornton wins face-off versus Matt Stajan in Canucks zone.
9:20 of 3rd period - Minor Penalty to Alex Goligoski for Holding.
9:21 of 3rd period - Blake Wheeler wins face-off versus Matt Stajan in Canucks zone.
9:31 of 3rd period - Wrist shot by Scott Hartnell.
9:31 of 3rd period - Stopped by Michal Neuvirth with a rebound.
10:14 of 3rd period - Steve Montador is hit by Christian Ehrhoff and loses puck.
10:25 of 3rd period - Slapshot by Wayne Simmonds.
10:25 of 3rd period - Goal by Wayne Simmonds - Capitals : 3 - Canucks : 4.
10:26 of 3rd period - Mike Ribeiro wins face-off versus Joe Thornton in neutral zone.
10:58 of 3rd period - Slapshot by Alex Goligoski.
10:58 of 3rd period - Deflect By Maxim Lapierre.
10:58 of 3rd period - Shot Blocked by Matt Carle.
10:58 of 3rd period - Puck is out of play.
10:59 of 3rd period - Wayne Simmonds wins face-off versus Matt Stajan in Capitals zone.
11:04 of 3rd period - Slapshot by Christian Ehrhoff.
11:04 of 3rd period - Stopped by Michal Neuvirth with a rebound.
11:24 of 3rd period - Alex Goligoski is hit by Mike Cammalleri and loses puck.
11:43 of 3rd period - Wrist shot by Wayne Simmonds.
11:43 of 3rd period - Stopped by Michal Neuvirth without a rebound.
11:44 of 3rd period - Blake Wheeler wins face-off versus Mike Ribeiro in Canucks zone.
11:47 of 3rd period - Wrist shot by Joe Thornton.
11:47 of 3rd period - Shot Misses the Net.
11:49 of 3rd period - Wrist shot by Joe Thornton.
11:49 of 3rd period - Deflect By Jamie Benn.
11:49 of 3rd period - Goal by Jamie Benn - Capitals : 4 - Canucks : 4.
11:50 of 3rd period - Matt Stajan wins face-off versus Joe Thornton in neutral zone.
11:53 of 3rd period - Slapshot by Alex Goligoski.
11:53 of 3rd period - Shot Blocked by Christian Ehrhoff.
11:55 of 3rd period - Wrist shot by Chris Higgins.
11:55 of 3rd period - Deflect By Brad Boyes.
11:55 of 3rd period - Shot Blocked by Jamie Benn.
11:55 of 3rd period - Puck is out of play.
11:56 of 3rd period - Matt Stajan wins face-off versus Joe Thornton in Capitals zone.
11:57 of 3rd period - Wrist shot by Brad Boyes.
11:57 of 3rd period - Shot Misses the Net.
11:59 of 3rd period - Snap shot by Steve Montador.
11:59 of 3rd period - Stopped by Ilya Bryzgalov with a rebound.
12:01 of 3rd period - Slapshot by Matt Stajan.
12:01 of 3rd period - Shot Misses the Net.
12:03 of 3rd period - Snap shot by Alex Goligoski.
12:03 of 3rd period - Stopped by Ilya Bryzgalov with a rebound.
12:05 of 3rd period - Wrist shot by Chris Higgins.
12:05 of 3rd period - Stopped by Ilya Bryzgalov with a rebound.
12:07 of 3rd period - Snap shot by Chris Higgins.
12:07 of 3rd period - Shot Misses the Net.
12:09 of 3rd period - Wrist shot by Alex Goligoski.
12:09 of 3rd period - Shot Blocked by Joe Thornton.
12:11 of 3rd period - Slapshot by Steve Montador.
12:11 of 3rd period - Deflect By Brad Boyes.
12:11 of 3rd period - Stopped by Ilya Bryzgalov without a rebound.
12:12 of 3rd period - Matt Stajan wins face-off versus Ryan Getzlaf in Capitals zone.
12:19 of 3rd period - Ryan Getzlaf is hit by Matt Stajan and loses puck.
12:38 of 3rd period - Mike Ribeiro is hit by Blake Wheeler and loses puck.
13:19 of 3rd period - Snap shot by Victor Hedman.
13:19 of 3rd period - Stopped by Michal Neuvirth with a rebound.
13:21 of 3rd period - Slapshot by David Krejci.
13:21 of 3rd period - Shot Blocked by Ladislav Smid.
14:10 of 3rd period - Snap shot by Joe Thornton.
14:10 of 3rd period - Stopped by Michal Neuvirth without a rebound.
14:11 of 3rd period - Matt Stajan wins face-off versus Joe Thornton in Canucks zone.
14:22 of 3rd period - Snap shot by Blake Wheeler.
14:22 of 3rd period - Stopped by Michal Neuvirth without a rebound.
14:23 of 3rd period - Joe Thornton wins face-off versus Matt Stajan in Canucks zone.
14:34 of 3rd period - Snap shot by Joe Thornton.
14:34 of 3rd period - Shot Hit the Post.
14:50 of 3rd period - Brent Burns is hit by Alex Goligoski and loses puck.
14:57 of 3rd period - Snap shot by Jiri Hudler.
14:57 of 3rd period - Shot Misses the Net.
14:59 of 3rd period - Slapshot by Ladislav Smid.
14:59 of 3rd period - Stopped by Ilya Bryzgalov with a rebound.
15:33 of 3rd period - Wrist shot by David Krejci.
15:33 of 3rd period - Goal by David Krejci - Capitals : 5 - Canucks : 4.
15:34 of 3rd period - Matt Stajan wins face-off versus T.J. Oshie in neutral zone.
15:45 of 3rd period - Snap shot by Mikko Koivu.
15:45 of 3rd period - Stopped by Michal Neuvirth without a rebound.
15:46 of 3rd period - Mikko Koivu wins face-off versus Matt Stajan in Canucks zone.
15:52 of 3rd period - Minor Penalty to Alex Goligoski for Holding.
15:53 of 3rd period - Joe Thornton wins face-off versus Matt Stajan in Canucks zone.
16:31 of 3rd period - Slapshot by Brent Burns.
16:31 of 3rd period - Goal by Brent Burns - Capitals : 6 - Canucks : 4.
16:32 of 3rd period - Mikko Koivu wins face-off versus Matt Stajan in neutral zone.
16:38 of 3rd period - Mikko Koivu is hit by Matt Stajan and loses puck.
16:59 of 3rd period - Steve Montador is hit by Jamie Benn and loses puck.
17:20 of 3rd period - Snap shot by Wayne Simmonds.
17:20 of 3rd period - Stopped by Michal Neuvirth without a rebound.
17:21 of 3rd period - Ryan Getzlaf wins face-off versus Matt Stajan in Canucks zone.
Goals for this period are 4 for Capitals vs 0 for Canucks.
Shots for this period are 16 for Capitals vs 8 for Canucks.
Back to the Top